 Dungeon Crawl Stone Soup version 0.31-a0-988-g08d55dae12 (webtiles) character file.

Game seed: 8472106388676369030

518 CrazyBamboolord the Trooper (level 7, 0/76 HPs)
             Began as an Ogre Fighter on Oct 17, 2023.
             Succumbed to an orc's poison
             ... on level 5 of the Dungeon on Nov 5, 2023.
             The game lasted 00:05:09 (3390 turns).

CrazyBamboolord the Trooper (Ogre Fighter)          Turns: 3390, Time: 00:05:09

Health: 0/76       AC:  3    Str: 23    XL:     7   Next: 21%
Magic:  7/7        EV:  9    Int:  9    God:
Gold:   173        SH:  8    Dex:  8    Spells: 6/6 levels left

rFire   . . .        a - +1 war axe
rCold   . . .        c - +0 kite shield
rNeg    . . .        b - +0 robe
rPois   .            (helmet restricted)
rElec   .            (no cloak)
rCorr   .            (gloves unavailable)
SInv    .            (boots unavailable)
Will    .....        (no amulet)
Stlth   +            (no ring)
HPRegen 0.32/turn    (no ring)
MPRegen 0.10/turn

%: no passive effects
@: lethally poisoned (0 -> -20)
A: large, unfitting armour, tough skin 1
a: no special abilities


You were on level 5 of the Dungeon.
You visited 1 branch of the dungeon, and saw 4 of its levels.

You collected 173 gold pieces.

Inventory:

Hand Weapons
 a - a +1 war axe (weapon)
Armour
 b - a +0 robe (worn)
 c - a +0 kite shield (worn)
Wands
 k - a wand of flame (11) (quivered)
 m - a wand of paralysis (4)
Scrolls
 e - 2 scrolls of noise
 f - a scroll of vulnerability {unknown}
 i - a scroll of fear {unknown}
Potions
 j - 2 potions of magic {unknown}


   Skills:
 * Level 6.4 Fighting
 * Level 4.3 Axes
 * Level 4.5 Dodging
 + Level 4.1 Shields


You had 6 spell levels left.
You didn't know any spells.
Your spell library contained the following spells:

 Spells                   Type           Power      Damage    Failure   Level
 Summon Small Mammal      Summ           0%         N/A       65%         1
 Lesser Beckoning         Tloc           0%         N/A       78%         2
 Call Canine Familiar     Summ           0%         N/A       95%         3
 Gell's Gravitas          Tloc           0%         N/A       95%         3
 Summon Guardian Golem    Hex/Summ       0%         N/A       95%         3
 Teleport Other           Tloc           0%         N/A       95%         3


Dungeon Overview and Level Annotations

Branches:
Dungeon (3/15)

Altars:

Annotations:
D:5 Menkaure


Innate Abilities, Weirdness & Mutations

You are too large for most types of armour.
You have tough skin. (AC +1)


Message History

You kill the orc!
The orc hits you with the +8 rapier of Uncertain Death {venom, Fragile rPois Int+4}.
You closely miss the orc.
The orc hits you with the +8 rapier of Uncertain Death {venom, Fragile rPois Int+4}!
You are poisoned.
You closely miss the orc.
You feel very sick.
The orc hits you with the +8 rapier of Uncertain Death {venom, Fragile rPois Int+4}.
You are more poisoned.
You hit the orc but do no damage.
You feel very sick. You block the orc's attack.
The orc hits you with the +8 rapier of Uncertain Death {venom, Fragile rPois Int+4}.
You feel very sick.
You feel much better.
You feel very sick. The orc barely misses you.
You hit the orc but do no damage.
You feel very sick.
The orc hits you with the +8 rapier of Uncertain Death {venom, Fragile rPois Int+4}.
You are more poisoned.
You hit the orc but do no damage.
You feel very sick. You block the orc's attack. x2
You closely miss the orc.
You feel very sick.
The orc hits you with the +8 rapier of Uncertain Death {venom, Fragile rPois Int+4}.
You are more poisoned.
You barely miss the orc.
You feel very sick.
The orc hits you with the +8 rapier of Uncertain Death {venom, Fragile rPois Int+4}!
* * * LOW HITPOINT WARNING * * *
You are lethally poisoned!
You block the orc's attack.
You barely miss the orc.
* * * LOW HITPOINT WARNING * * *
You feel extremely sick. You block the orc's attack.
You barely miss the orc.
You die...

##### #...# #####
#...#
......##...#######
......Yo...'.....#
..)...##@..#####.#
.#### #...# #.#
#...# #.# .....#
#.# #...?.# #.#
#.....# #.#
#.....# #.#
#.....# #.#
#.....#####'####


You could see an ice beast and an orc.

Vanquished Creatures
  An ice beast (D:5)
  A phantom (D:5)
  A gnoll sergeant (D:5)
  Ijyb (D:3)
  3 orc priests
  An orc wizard (D:3)
  5 adders
  3 gnolls (D:5)
  4 worms
  A dart slug (D:1)
  9 orcs
  2 endoplasms
  2 giant cockroaches (D:3)
  2 goblins
  10 hobgoblins
  4 jackals
  A kobold (D:3)
  A quokka (D:1)
  7 ball pythons
  4 bats
  A frilled lizard (D:2)
  6 rats
  A spectral kobold (D:1)
71 creatures vanquished.

Notes
Turn   | Place    | Note
-------+----------+-------------------------------------------
     0 | D:1      | CrazyBamboolord the Ogre Fighter began the quest for the
                  | Orb.
     0 | D:1      | Reached XP level 1. HP: 24/24 MP: 1/1
     0 | D:1      | Upgraded the game from 0.31-a0-917-ga885b83477 to
                  | 0.31-a0-988-g08d55dae12
   177 | D:1      | Reached XP level 2. HP: 32/32 MP: 2/2
   221 | D:1      | Found a faded altar of an unknown god.
   848 | D:2      | Reached XP level 3. HP: 36/40 MP: 3/3
  1246 | D:1      | Reached XP level 4. HP: 7/49 MP: 4/4
  1411 | D:2      | Reached skill level 5 in Fighting
  1568 | D:2      | Reached XP level 5. HP: 55/57 MP: 5/5
  2276 | D:3      | Noticed Ijyb
  2280 | D:3      | Paralysed by Ijyb for 2 turns
  2284 | D:3      | Killed Ijyb
  2385 | D:3      | Reached XP level 6. HP: 16/66 MP: 6/6
  2854 | D:3      | You fall into a shaft and drop 2 floors!
  2854 | D:5      | Entered Level 5 of the Dungeon
  2942 | D:5      | Noticed an ice beast
  2988 | D:5      | Noticed Menkaure
  3125 | D:5      | Reached skill level 6 in Fighting
  3326 | D:5      | Noticed an ice beast
  3336 | D:5      | Killed an ice beast
  3337 | D:5      | Reached XP level 7. HP: 48/76 MP: 7/7
  3374 | D:5      | Identified the +8 rapier of Uncertain Death {venom, Fragile
                  | rPois Int+4}
  3390 | D:5      | Succumbed to an orc's poison

Illustrated notes

Levels and vault maps discovered:
D:1:      saegor_arrival_simple_d, layout_loops_ring,
          dreamdust_ecumenical_altar_drowned_temple
D:2:      layout_basic
D:3:      layout_loops_corners, corexii_hall_statues_l, st_stairs_14, uniq_ijyb
D:5:      layout_basic, amcnicky_altar_gilded, nicolae_sif_muna_condensation,
          grunt_dithmenos_smoke, bh_walls_and_bars, uniq_menkaure, uniq_grinder,
          uniq_duvessa

Skill      XL: |  1  2  3  4  5  6 |
---------------+-------------------+-----
Dodging        | 3 4 |  4.5
Fighting       | 5 6 |  6.4
Axes           | 3 4 |  4.3
Shields        | 4 |  4.1

Action                     |  1- 3 |  4- 6 |  7- 9 || total
---------------------------+-------+-------+-------++-------
  Melee: War axe           |    63 |   158 |    13 ||   234
  Evoke: Wand              |       |     1 |       ||     1
    Use: Scroll            |       |     6 |       ||     6
         Potion            |       |     1 |     1 ||     2
 Armour: Robe              |    53 |   115 |     9 ||   177
  Dodge: Dodged            |    33 |    69 |     1 ||   103
  Block: Kite shield       |    31 |    62 |     5 ||    98

Table legend: (Time is in decaauts)
 A = Elapsed time spent in this place.
 B = Non-inter-level travel time spent in this place.
 C = Inter-level travel time spent in this place.
 D = Time resting spent in this place.
 E = Time spent auto-exploring this place.
 F = Levels seen in this place.
 G = Mean time per level.
                   A        B        C        D        E       F      G
               +--------+--------+--------+--------+--------+-----+--------+
         Total |   3505 |   3491 |     14 |    711 |   2083 |   4 |  876.2 |
       Dungeon |   3505 |   3491 |     14 |    711 |   2083 |   4 |  876.2 |
               +--------+--------+--------+--------+--------+-----+--------+

Top non-repeatable levels by time:
     D:1: 1289 daAuts
     D:2: 943 daAuts
     D:3: 720 daAuts
     D:5: 552 daAuts
